 Dungeon Crawl Stone Soup version 0.19.0-2-gae57169 (webtiles) character file.

91014 Leibowitz the Unseen (level 16, -7/106 HPs)
             Began as a Kobold Berserker on Nov 4, 2016.
             Was a High Priest of Trog.
             Mangled by a grey draconian monk (11 damage)
             ... summoned by old memories
             ... in a wizard's laboratory.
             The game lasted 02:06:42 (29025 turns).

Leibowitz the Unseen (Kobold Berserker)            Turns: 29025, Time: 02:06:43

Health: -7/106     AC: 18    Str: 19    XL:     16   Next: 49%
Magic:  0/16       EV: 28    Int:  8    God:    Trog [*****.]
Gold:   1456       SH: 10    Dex: 22    Spells: 0 memorised, 15 levels left

rFire  + + +     SeeInvis .     a - +10 quick blade "Refent" {protect, rElec rF++}
rCold  + . .     Gourm    .     A - +0 leather armour "Ruesmi" {Str+3 Slay+2}
rNeg   + . .     Faith    .     q - +1 buckler of Oloxied {rC+ rN+}
rPois  .         Spirit   +     S - +2 hat {MR+}
rElec  +         Reflect  .     v - +0 cloak
rCorr  .         Harm     .     r - +2 pair of gloves
MR     ++...     Clarity  +     R - +0 pair of boots
Stlth  ++++++....               s - amulet of guardian spirit
                                p - +2 ring of dexterity
                                u - +3 ring of slaying

@: protection aura, studying Hexes
A: carnivore 3, clarity, fire resistance 1, low mp 1
a: Berserk, Trog's Hand, Brothers in Arms, Burn Spellbooks, Renounce Religion


You were in a wizard's laboratory.
You worshipped Trog.
Trog was extremely pleased with you.
You were very full.

You visited 8 branches of the dungeon, and saw 26 of its levels.
You also visited: Wizlab.

You collected 1456 gold pieces.

Inventory:

Hand Weapons
 a - the +10 quick blade "Refent" (weapon) {protect, rElec rF++}
   (Trog gifted it to you on level 6 of the Lair of Beasts)

   It protects the one who uses it against injury (+AC on strike).
   It greatly protects you from fire.
   It insulates you from electricity.
 b - a +0 blowgun
Missiles
 j - 62 poisoned needles
 Z - 4 curare-tipped needles
Armour
 q - the +1 buckler of Oloxied (worn) {rC+ rN+}
   (You acquired it on level 1 of the Lair of Beasts)

   It protects you from cold.
   It protects you from negative energy.
 r - a +2 pair of gloves (worn)
 v - a +0 cloak (worn)
 z - the +0 hat "Kicifopt" {rElec rPois Slay-4 Stlth+}
   (You found it on level 2 of the Swamp)

   It affects your accuracy and damage with ranged weapons and melee attacks
   (-4).
   It insulates you from electricity.
   It protects you from poison.
   It makes you more stealthy.
 A - the +0 leather armour "Ruesmi" (worn) {Str+3 Slay+2}
   (You found it on level 8 of the Dungeon)

   It affects your strength (+3).
   It affects your accuracy and damage with ranged weapons and melee attacks
   (+2).
 F - the +1 leather armour "Hero's Friend" {rElec rF++ Dex-3 SInv}
   (You found it on level 6 of the Dungeon)

   It affects your dexterity (-3).
   It greatly protects you from fire.
   It insulates you from electricity.
   It lets you see invisible.
 R - a +0 pair of boots (worn)
 S - a +2 hat of magic resistance (worn)
Jewellery
 p - a +2 ring of dexterity (right hand)
 s - an amulet of guardian spirit (around neck)
 u - a +3 ring of slaying (left hand)
 y - an uncursed ring of see invisible
 C - an uncursed ring of stealth
Wands
 k - a wand of disintegration (9/24)
 l - a wand of confusion (19/48)
 J - a wand of iceblast (3/15)
Scrolls
 d - 3 scrolls of teleportation
 e - 9 scrolls of remove curse
 f - 20 scrolls of identify
 n - 2 scrolls of fog
 o - 5 scrolls of recharging
 t - 2 scrolls of acquirement
 w - 6 scrolls of magic mapping
Potions
 h - 3 potions of haste
 i - a potion of heal wounds
 x - 12 potions of curing
 E - a potion of flight
 G - 2 potions of cancellation
 K - 2 potions of might
 L - a potion of agility
 M - 2 potions of invisibility
 O - a potion of brilliance
 X - a potion of magic
Books
 g - a book of Misfortune

   Spells                             Type                      Level
   a - Confusing Touch                Hexes                        1
   b - Confuse                        Hexes                        3
   c - Gell's Gravitas                Hexes/Translocation          3
   d - Petrify                        Transmutation/Earth          4
   e - Metabolic Englaciation         Hexes/Ice                    5
   f - Yara's Violent Unravelling     Hexes/Transmutation          5
   Trog disapproves of the use of such an item.
 m - a book of Fire

   Spells                             Type                      Level
   a - Ignite Poison                  Fire/Transmutation/Poison    3
   b - Fireball                       Conjuration/Fire             5
   c - Bolt of Fire                   Conjuration/Fire             6
   d - Delayed Fireball               Conjuration/Fire             7
   e - Ring of Flames                 Charms/Fire                  7
   Trog disapproves of the use of such an item.
 Q - a manual of Hexes Trog disapproves of the use of such an item.
 W - a book of Misfortune

   Spells                             Type                      Level
   a - Confusing Touch                Hexes                        1
   b - Confuse                        Hexes                        3
   c - Gell's Gravitas                Hexes/Translocation          3
   d - Petrify                        Transmutation/Earth          4
   e - Metabolic Englaciation         Hexes/Ice                    5
   f - Yara's Violent Unravelling     Hexes/Transmutation          5
   Trog disapproves of the use of such an item.
 Y - Wudythuv's Grimoire of Cloudy Moulding
   (You found it on level 1 of the Swamp)

   Spells                             Type                      Level
   a - Shock                          Conjuration/Air              1
   b - Swiftness                      Charms/Air                   2
   c - Ice Form                       Ice/Transmutation            4
   d - Statue Form                    Transmutation/Earth          6
   e - Dragon Form                    Transmutation                7
   Trog disapproves of the use of such an item.
Comestibles
 c - 7 meat rations
 B - 11 royal jellies
 I - a slice of pizza
 N - a chunk of flesh


   Skills:
 + Level 14.1 Fighting
 - Level 15.0 Short Blades
 - Level 4.6 Throwing
 + Level 6.5 Armour
 + Level 13.9 Dodging
 + Level 15.4 Stealth
 + Level 10.5 Shields
 + Level 2.6 Evocations


You had 15 spell levels left.
You didn't know any spells.

Dungeon Overview and Level Annotations

Branches:
Dungeon (10/15)            Temple (1/1) D:6            Lair (6/6) D:10
  Swamp (4/4) Lair:2        Snake (1/4) Lair:3        Slime (1/5) Lair:5
    Orc (2/2) D:9             Elf (1/3) Orc:2

Altars:
Ashenzari
Dithmenos
Elyvilon
Fedhas
Gozag
Hepliaklqana
Makhleb
Qazlal
Ru
Trog
Vehumet
Zin

Shops:
D:4 }   D:9 =


Innate Abilities, Weirdness & Mutations

You are small and have problems with some larger weapons.
You are carnivorous and can eat meat at any time.
You possess an exceptional clarity of mind.
Your flesh is heat resistant. (rF+)
Your magical capacity is low. (-10% MP)


Message History

* * * LOW HITPOINT WARNING * * *
You block the grey draconian monk's attack.
The monstrous demonspawn hits you!
* * * LOW HITPOINT WARNING * * *
The monstrous demonspawn claws you!
* * * LOW HITPOINT WARNING * * *
The monstrous demonspawn closely misses you.
The grey draconian monk completely misses you.
The grey draconian monk misses you. The grey draconian monk tail-slaps you.
* * * LOW HITPOINT WARNING * * *
The grey draconian monk completely misses you.
You feel much better.
Your troll bites the grey draconian monk but does no damage.
Your troll barely misses the grey draconian monk. x2
The grey draconian monk hits you!!
* * * LOW HITPOINT WARNING * * *
The grey draconian monk kicks you.
* * * LOW HITPOINT WARNING * * *
The grey draconian monk tail-slaps you!
You die...

#+++### #♣♣...♣.# ♣
♣♣♣......♣♣♣♣♣
♣♣.♣............♣
........T8.....♣♣ #####
♣......q........♣♣##...#
......6@q.........'..∩..
♣♣.....♣♣♣......♣♣##...#
♣.....♣ ♣♣♣....♣ #####
♣♣..♣♣ ♣.♣♣♣♣ ♣♣ ♣♣♣


You could see 2 draconians, a monstrous demonspawn and a friendly troll
(berserk).

Vanquished Creatures
  Frances (Swamp:1)
  Gastronok (Lair:3)
  Kirke (Lair:5)
  2 thorn hunters
  A dire elephant (Lair:6)
  Erolcha (D:9)
  11 hydras
  A ghost crab (Swamp:1)
  A catoblepas (Lair:4)
  3 death yaks (Lair:4)
  A merfolk avatar (Lair:6)
  7 alligators
  3 spriggans
  Nergalle (Orc:1)
  2 sea snakes (Lair:6)
  2 swamp dragons (Swamp:2)
  5 shambling mangroves
  Pikel (D:4)
  A lindwurm (Lair:3)
  A harpy (Lair:6)
  A cyclops (D:10)
  5 black mambas
  13 elephants
  Joseph (D:8)
  A torpor snail (Lair:2)
  A gargoyle (D:10)
  29 spiny frogs
  6 komodo dragons
  5 rime drakes
  9 trolls
  11 tyrant leeches
  8 bog bodies
  8 slime creatures
  16 hornets
  7 blink frogs
  5 polar bears (Lair:6)
  3 hippogriffs
  18 dream sheep
  3 shadows
  Sigmund (D:2)
  2 wyverns
  2 basilisks
  2 hogs (Lair:5)
  55 yaks
  A hungry ghost (D:9)
  11 vampire mosquitoes
  9 insubstantial wisps
  Menkaure (D:4)
  3 wargs
  3 nagas (Lair:3)
  12 swamp worms
  13 water moccasins
  Duvessa (D:4)
  8 porcupines
  2 sky beasts (D:9)
  5 ice beasts
  6 orc warriors
  An eye of draining (D:10)
  6 swamp drakes
  A hornet zombie (D:4)
  9 ogres
  A black bear (Lair:1)
  A necrophage (D:9)
  12 wolves
  2 centaurs (D:10)
  2 phantoms
  12 crocodiles
  8 bullfrogs
  A big kobold (D:9)
  Dowan (D:4)
  2 scorpions
  A wyvern skeleton (D:10)
  A water moccasin skeleton (D:7)
  6 electric eels
  2 howler monkeys
  A lava snake (Lair:2)
  4 crimson imps
  A quasit (D:5)
  A bullfrog zombie (D:8)
  A gnoll shaman (D:9)
  7 jellies
  11 orc wizards
  5 orc priests
  Crazy Yiuf (D:4)
  A centaur skeleton (D:9)
  A centaur zombie (D:5)
  10 hounds
  Natasha (thrice) (D:2)
  4 bullfrog skeletons
  An iguana (D:6)
  9 worker ants
  2 hound zombies
  4 hound skeletons
  A worker ant zombie (D:8)
  10 adders
  11 gnolls
  2 shadow imps (D:6)
  2 oozes (Lair:5)
  An adder skeleton (D:9)
  4 worms
  3 dart slugs
  4 leopard geckos
  44 orcs
  2 giant cockroaches (D:1)
  12 goblins
  4 hobgoblins
  10 jackals
  11 kobolds
  4 quokkas
  A ball python skeleton (D:4)
  5 bats
  4 frilled lizards
  A giant cockroach zombie (D:6)
  2 quokka skeletons
  9 rats
617 creatures vanquished.

Vanquished Creatures (collateral kills)
  Fannar (Lair:3)
  2 hornets (Swamp:2)
3 creatures vanquished.

Vanquished Creatures (others)
  2 humans (Lair:5)
  A scorpion (D:4)
  An adder (D:4)
  A briar patch (Swamp:4)
  8 fungi
  33 plants
46 creatures vanquished.

Grand Total: 666 creatures vanquished

Notes
Turn   | Place    | Note
-------+----------+-------------------------------------------
     0 | D:1      | Leibowitz the Kobold Berserker began the quest for the Orb.
     0 | D:1      | Reached XP level 1. HP: 14/14 MP: 1/1
   310 | D:1      | Reached XP level 2. HP: 11/19 MP: 2/2
   943 | D:2      | Noticed Sigmund
   960 | D:2      | Reached XP level 3. HP: 23/23 MP: 3/3
  1230 | D:2      | Noticed Natasha
  1235 | D:2      | Reached skill level 5 in Short Blades
  1235 | D:2      | Reached skill level 1 in Stealth
  1247 | D:2      | Killed Natasha
  1247 | D:2      | Reached XP level 4. HP: 20/29 MP: 4/4
  1371 | D:2      | Noticed Natasha
  1379 | D:2      | Killed Natasha
  1397 | D:2      | Noticed Natasha
  1407 | D:2      | Killed Natasha
  1407 | D:2      | Reached ** piety under Trog
  1407 | D:2      | Reached XP level 5. HP: 21/33 MP: 5/5
  1977 | D:2      | Reached XP level 6. HP: 28/39 MP: 6/6
  2218 | D:2      | Killed Sigmund
  2218 | D:2      | Reached skill level 5 in Fighting
  2313 | D:2      | Reached XP level 7. HP: 42/44 MP: 7/7
  2327 | D:2      | Found a white marble altar of Elyvilon.
  2330 | D:2      | Found a blossoming altar of Fedhas.
  2694 | D:3      | Found an opulent altar of Gozag.
  2694 | D:3      | Found a hazy altar of Hepliaklqana.
  3135 | D:4      | Noticed Menkaure
  3148 | D:4      | Killed Menkaure
  3322 | D:4      | Noticed Pikel
  3334 | D:4      | Killed Pikel
  3334 | D:4      | Reached skill level 5 in Stealth
  3334 | D:4      | Reached XP level 8. HP: 50/50 MP: 8/8
  3488 | D:4      | Reached skill level 5 in Dodging
  3508 | D:4      | Reached *** piety under Trog
  3887 | D:4      | Found Xutzaix's Gadget Boutique.
  3904 | D:4      | Noticed Duvessa
  3905 | D:4      | Noticed Dowan
  3915 | D:4      | Killed Duvessa
  3919 | D:4      | Killed Dowan
  4099 | D:4      | Noticed a hippogriff
  4115 | D:4      | Killed a hippogriff
  4115 | D:4      | Reached XP level 9. HP: 28/55 MP: 9/9
  4551 | D:4      | Found a runed door.
  4555 | D:4      | Noticed Crazy Yiuf
  4559 | D:4      | Killed Crazy Yiuf
  4639 | D:5      | Entered Level 5 of the Dungeon
  5493 | D:5      | Found a radiant altar of Vehumet.
  5623 | D:5      | Found a glowing silver altar of Zin.
  5623 | D:5      | Noticed an angel
  5981 | D:6      | Got a faintly glowing leather armour
  5992 | D:6      | Identified the cursed +1 leather armour "Hero's Friend" {rElec rF++ Dex-3 SInv} (You found it on level 6 of the Dungeon)
  6099 | D:6      | Reached **** piety under Trog
  6161 | D:6      | Found a shattered altar of Ashenzari.
  6697 | D:6      | Reached XP level 10. HP: 61/61 MP: 10/10
  6740 | D:6      | Found a staircase to the Ecumenical Temple.
  6861 | Temple   | Entered the Ecumenical Temple
  7181 | D:7      | Reached skill level 10 in Short Blades
  7252 | D:7      | You fall through a shaft!
  7252 | D:8      | Found a sacrificial altar of Ru.
  7270 | D:8      | Reached ***** piety under Trog
  7597 | D:8      | Got a bloodstained leather armour
  7633 | D:8      | Identified the cursed +0 leather armour "Ruesmi" {Str+3 Slay+2} (You found it on level 8 of the Dungeon)
  8193 | D:8      | Noticed Joseph
  8198 | D:8      | Killed Joseph
  8731 | D:9      | Gained mutation: You possess an exceptional clarity of mind. [potion of mutation]
  8731 | D:9      | Gained mutation: Your flesh is heat resistant. (rF+) [potion of mutation]
  8731 | D:9      | Gained mutation: Your magical capacity is low. (-10% MP) [potion of mutation]
  8767 | D:9      | Found Xiyb's Jewellery Shop.
  9143 | D:9      | Reached skill level 1 in Throwing
  9143 | D:9      | Reached XP level 11. HP: 51/67 MP: 10/10
  9175 | D:9      | Noticed a cyan ugly thing
  9190 | D:9      | Received a gift from Trog
  9204 | D:9      | Found a staircase to the Orcish Mines.
  9207 | Orc:1    | Entered Level 1 of the Orcish Mines
  9233 | D:9      | Noticed Erolcha
  9239 | D:9      | Killed Erolcha
  9239 | D:9      | Reached skill level 10 in Stealth
  9239 | D:9      | Reached skill level 5 in Shields
  9239 | D:9      | Reached skill level 1 in Evocations
  9276 | D:9      | Found a burning altar of Makhleb.
  9276 | D:9      | Noticed a green death
  9341 | D:9      | Paralysed by a hornet for 2 turns
 10111 | D:10     | Entered Level 10 of the Dungeon
 10588 | D:10     | Found a staircase to the Lair.
 10636 | D:10     | Noticed a cyclops
 10653 | D:10     | Killed a cyclops
 10939 | Lair:1   | Entered Level 1 of the Lair of Beasts
 11267 | Lair:1   | Reached XP level 12. HP: 71/75 MP: 11/11
 11400 | Lair:1   | Noticed a four-headed hydra
 11410 | Lair:1   | Killed a four-headed hydra
 11695 | Lair:1   | Identified a scroll of acquirement
 11696 | Lair:1   | Got an encrusted buckler
 11707 | Lair:1   | Identified the +1 buckler of Oloxied {rC+ rN+} (You acquired it on level 1 of the Lair of Beasts)
 12032 | Lair:2   | Noticed a six-headed hydra
 12045 | Lair:2   | Killed a six-headed hydra
 12067 | Lair:2   | Received a gift from Trog
 12855 | Lair:2   | Found a staircase to the Swamp.
 12857 | Lair:2   | Noticed a seven-headed hydra
 12870 | Lair:2   | Killed a seven-headed hydra
 13117 | Swamp:1  | Entered Level 1 of the Swamp
 13343 | Lair:2   | Reached skill level 5 in Armour
 13661 | Lair:2   | Reached XP level 13. HP: 55/80 MP: 9/12
 14001 | Lair:3   | Found a staircase to the Snake Pit.
 14871 | Lair:3   | Noticed Gastronok
 14876 | Lair:3   | Noticed Fannar
 14884 | Lair:3   | Killed Gastronok
 14894 | Lair:3   | Killed Fannar
 14894 | Lair:3   | Reached skill level 10 in Fighting
 15240 | Snake:1  | Entered Level 1 of the Snake Pit
 15439 | Lair:4   | Received a gift from Trog
 15829 | Lair:4   | Reached skill level 10 in Dodging
 15945 | Lair:4   | Received a gift from Trog
 16609 | Lair:4   | Noticed a catoblepas
 16640 | Lair:4   | Killed a catoblepas
 16942 | Lair:5   | Found a staircase to the Slime Pits.
 16975 | Lair:5   | Noticed Kirke
 17053 | Slime:1  | Entered Level 1 of the Pits of Slime
 17053 | Slime:1  | Noticed an azure jelly
 17150 | Lair:5   | Killed Kirke
 17150 | Lair:5   | Reached XP level 14. HP: 62/90 MP: 9/14
 19376 | Lair:6   | Entered Level 6 of the Lair of Beasts
 20108 | Lair:6   | Received a gift from Trog
 20526 | Lair:6   | Reached skill level 15 in Short Blades
 20929 | Lair:6   | Received a gift from Trog
 20930 | Lair:6   | Got a faintly glowing quick blade {god gift}
 20931 | Lair:6   | Identified the +10 quick blade "Refent" {protect, rElec rF++} (Trog gifted it to you on level 6 of the Lair of Beasts)
 21567 | Lair:6   | Reached XP level 15. HP: 85/97 MP: 13/15
 23042 | Swamp:1  | Paralysed by a hornet for 1 turns
 23587 | Swamp:1  | Paralysed by a hornet for 3 turns
 23841 | Swamp:1  | Received a gift from Trog
 24127 | Swamp:1  | Identified Wudythuv's Grimoire of Cloudy Moulding
 24176 | Swamp:1  | Noticed Frances
 24197 | Swamp:1  | Killed Frances
 24631 | Swamp:2  | Reached skill level 10 in Shields
 25518 | Swamp:2  | Noticed a thorn hunter
 25541 | Swamp:2  | Killed a thorn hunter
 25690 | Swamp:2  | Reached XP level 16. HP: 90/104 MP: 13/16
 25720 | Swamp:2  | Got a spiked hat
 25731 | Swamp:2  | Identified the cursed +0 hat "Kicifopt" {rElec rPois Slay-4 Stlth+} (You found it on level 2 of the Swamp)
 26294 | Swamp:3  | Received a gift from Trog
 26374 | Swamp:3  | Noticed a thorn hunter
 26406 | Swamp:3  | Killed a thorn hunter
 26406 | Swamp:3  | Reached skill level 15 in Stealth
 27223 | Swamp:4  | Entered Level 4 of the Swamp
 27473 | Swamp:4  | Paralysed by a hornet for 2 turns
 27844 | Swamp:4  | Noticed a thorn hunter
 28326 | Orc:1    | Noticed Nergalle
 28332 | Orc:1    | Killed Nergalle
 28627 | Orc:2    | Entered Level 2 of the Orcish Mines
 28877 | Orc:2    | Reached ****** piety under Trog
 28923 | Orc:2    | Found a staircase to the Elven Halls.
 28936 | Elf:1    | Entered Level 1 of the Elven Halls
 28975 | Elf:1    | Found a magical portal.
 28978 | WizLab   | Entered Wucad Mu's Monastery
 29005 | WizLab   | Noticed a grey draconian monk
 29005 | WizLab   | Noticed a grey draconian monk
 29024 | WizLab   | HP: 3/106 [monstrous demonspawn[old memories] (12)]
 29025 | WizLab   | Mangled by a grey draconian monk

Skill      XL: |  1  2  3  4  5  6  7  8  9 10 11 12 13 14 15 16 |
---------------+-------------------------------------------------+-----
Short Blades   | 5 6 8 9 11 12 13 14 15 | 15.0
Stealth        | 2 3 4 5 6 8 9 11 12 13 14 15 | 15.4
Fighting       | 4 5 6 7 8 9 11 12 13 14 | 14.1
Dodging        | 3 4 5 6 7 9 10 12 13 | 13.9
Shields        | 2 3 4 5 7 8 9 10 | 10.5
Armour         | 2 3 4 5 6 |  6.5
Throwing       | 1 4 |  4.6
Evocations     | 1 2 |  2.6

Action                   |  1- 3 |  4- 6 |  7- 9 | 10-12 | 13-15 | 16-18 || total
-------------------------+-------+-------+-------+-------+-------+-------++-------
Melee: Short sword       |    63 |       |       |   709 |   968 |       ||  1740
       Dagger            |    13 |   113 |   432 |   123 |       |       ||   681
       Quick blade       |       |       |       |       |   725 |   428 ||  1153
 Fire: Blowgun           |       |       |       |    40 |    32 |       ||    72
Invok: Berserk           |     1 |     1 |     5 |     2 |     5 |     1 ||    15
       Brothers in Arms  |       |       |       |       |     2 |     1 ||     3
       Burn Spellbooks   |       |       |       |       |     1 |       ||     1
Evoke: Wand              |       |       |     1 |     9 |     8 |       ||    18
  Use: Scroll            |       |       |     8 |    11 |     2 |     5 ||    26
       Potion            |       |       |     3 |     4 |     2 |     4 ||    13
 Stab: Sleeping          |     5 |     1 |    16 |    30 |     8 |    16 ||    76
       Distracted        |       |       |       |     2 |     8 |     3 ||    13
       Confused          |       |       |       |       |     2 |       ||     2
  Eat: Chunk             |     4 |    11 |    19 |    23 |    34 |    15 ||   106
       Beef jerky        |       |       |       |       |     2 |       ||     2
       Pizza             |       |       |       |       |       |     2 ||     2
Armor: Animal skin       |     1 |     9 |       |       |       |       ||    10
       Ring mail         |       |       |    24 |       |       |       ||    24
       Leather armour    |       |       |    20 |    71 |   151 |    53 ||   295
Dodge: Dodged            |    31 |    66 |   145 |   307 |   753 |   215 ||  1517
Block: Buckler           |       |       |    75 |   186 |   371 |   100 ||   732
       Reflection        |       |       |     1 |     3 |       |       ||     4
